Map: Templo Perdido

Players

MoonfireO

  • Race: Terran Terran
  • Spawn Location: 6:00

Khoronya - Winner!

  • Race: Zerg Zerg
  • Spawn Location: 3:00

VOD

Have the link to the VOD?

Description

Time

  • Played on: Nov. 6, 2023, 6:50 p.m.
  • Length: 16:12
Show
View Real Time Build Order
Export as new Build Order

MoonfireO Terran 

Build Orders:  

Get SALT Encoding   

  12  0:14  Refinery  
  12  0:40  Refinery  
  12  1:09  SCV  
  13  1:21  SCV  
  14  1:33  SCV  
  15  1:47  Supply Depot  
  16  2:08  SCV  
  16  2:10  Supply Depot  
  16  2:20  SCV  
  17  2:32  SCV  
  17  2:33  Barracks, Supply Depot  
  18  2:44  SCV  
  19  2:56  Supply Depot  
  19  2:57  SCV  
  20  3:21  Supply Depot  
  20  3:22  Barracks, Marine  
  21  3:40  Marine  
  22  3:45  Supply Depot  
  22  3:58  Marine  
  23  4:08  Supply Depot  
  23  4:11  Barracks  
  23  4:16  Marine  
  24  4:25  Marine  
  25  4:32  SCV  
  25  4:33  Marine  
  27  4:43  Marine  
  28  4:51  Marine  
  29  5:00  Barracks  
  29  5:01  Marine  
  30  5:09  Marine  
  31  5:19  Marine  
  32  5:21  Reaper  
  32  5:27  Marine  
  34  5:37  Marine  
  34  5:40  Engineering Bay  
  35  5:45  Marine  
  36  5:50  SCV  
  36  5:53  Reaper  
  36  5:55  Reaper  
  39  6:00  Barracks Tech Lab  
  39  6:02  Marine, SCV  
  41  6:20  Marine  
  42  6:26  Reaper  
  42  6:27  Reaper  
  42  6:32  Factory  
  44  6:38  Marine  
  45  6:50  Supply Depot  
  45  6:56  Marine  
  45  6:58  Reaper  
  45  6:59  Reaper  
  48  7:02  Marauder  
  50  7:14  Marine  
  51  7:16  Factory  
  51  7:23  Marauder  
  51  7:24  Factory Tech Lab  
  53  7:30  Reaper  
  53  7:31  Marine  
  53  7:32  Marine  
  56  7:44  Marauder  
  56  7:48  Marine  
  56  7:49  Marine  
  42  8:06  Marauder  
  42  8:07  Marine, Reaper  
  44  8:27  Marauder  
  44  8:31  Siege Tank  
  49  8:35  Factory Tech Lab  
  49  8:39  Reaper  
  50  8:41  Reaper  
  50  8:46  Marine  
  50  8:48  Marine  
  53  9:01  Siege Tank  
  56  9:03  Siege Tank  
  56  9:04  Marine  
  56  9:06  Marine  
  61  9:10  Marine  
  61  9:13  Reaper  
  63  9:21  Marine  
  63  9:24  Marine  
  65  9:28  Marine  
  66  9:33  Siege Tank  
  66  9:35  Siege Tank  
  72  9:39  Marine  
  72  9:41  Marine  
  74  9:45  Reaper  
  74  9:46  Marine  
  76  9:57  Marine  
  76  10:04  Marine  
  77  10:17  Reaper  
  78  10:38  Missile Turret  
  78  10:39  Missile Turret  
  78  10:45  Missile Turret  
  78  10:48  Barracks Reactor  
  79  10:50  Reaper  
  79  10:52  Siege Tank  
  63  11:03  Missile Turret  
  63  11:04  Missile Turret  
  63  11:15  Missile Turret  
  63  11:21  Marine  
  63  11:24  Siege Tank  
  63  11:39  Marine  
  52  11:53  Marine  
  36  11:55  Marine  
  36  11:56  Marine  
  36  11:57  Marine  
  30  12:10  Marine  
  30  12:13  Marine x2  
  30  12:15  Marine  
  28  12:28  Marine  
  29  12:31  Marine  
  30  12:46  Marine  
  29  13:04  Marine  
  30  13:12  Marine  
  31  14:05  SCV  
  22  14:37  SCV  
  23  14:55  SCV  
Show
View Real Time Build Order
Export as new Build Order

Khoronya Zerg - Winner!

Build Orders: Pool First, Brood Lord Corruptor 

Get SALT Encoding   

  12  0:01  Drone  
  13  0:13  Drone  
  14  0:17  Overlord  
  14  0:37  Spawning Pool  
  14  0:38  Drone  
  14  0:41  Drone  
  15  0:50  Drone x2  
  17  1:14  Hatchery  
  16  1:20  Drone x2  
  18  1:30  Extractor  
  18  1:32  Extractor  
  16  1:34  Queen  
  18  1:41  Overlord  
  18  1:48  Drone x2  
  20  2:03  Drone  
  21  2:09  Queen  
  21  2:12  Drone  
  24  2:19  Drone  
  25  2:26  Drone  
  25  2:27  Drone  
  27  2:39  Queen  
  29  2:55  Drone x4  
  33  3:11  Roach Warren  
  32  3:15  Lair  
  32  3:47  Drone x4  
  36  3:50  Extractor, Overlord x2  
  36  3:51  Extractor, Overlord x2  
  36  3:53  Roach  
  36  4:05  Evolution Chamber  
  36  4:06  Evolution Chamber  
  34  4:10  Evolution Chamber  
  33  4:21  Drone  
  33  4:22  Drone x5  
  39  4:31  Overseer  
  39  4:33  Overseer  
  39  4:39  Roach x2  
  43  5:13  Roach  
  43  5:14  Roach x5  
  55  5:18  Burrow  
  55  5:19  Zerg Missile Weapons Level 1  
  55  5:20  Zerg Ground Armor Level 1  
  55  5:27  Infestation Pit  
  54  5:34  Drone x2  
  56  5:41  Glial Reconstitution  
  56  6:04  Zergling x2, Hydralisk Den  
  55  6:05  Zergling x14, Baneling Nest  
  62  6:17  Hive  
  62  6:34  Overseer  
  62  6:35  Muscular Augments  
  68  7:09  Baneling x4  
  68  7:10  Baneling x12  
  68  7:27  Spire  
  67  7:39  Grooved Spines  
  67  7:40  Overlord x3  
  67  7:45  Drone  
  58  8:07  Roach x3  
  58  8:08  Roach x2  
  68  8:13  Zergling x2  
  69  8:24  Roach x2  
  73  8:44  Overlord  
  73  8:46  Viper  
  76  8:50  Drone  
  77  9:00  Tunneling Claws  
  77  9:02  Roach  
  79  9:04  Hatchery  
  87  9:28  Roach x2  
  91  9:37  Roach  
  91  9:38  Roach  
  95  9:44  Baneling  
  93  10:09  Overlord x2  
  93  10:10  Overlord x2  
  93  10:32  Roach x20  
  93  10:39  Roach x20  
  93  10:46  Corruptor  
  93  10:47  Corruptor x3  
  101  11:08  Roach x20  
  101  11:12  Drone  
  101  11:13  Drone x7  
  101  11:15  Queen  
  101  11:17  Queen  
  111  11:21  Greater Spire  
  111  11:23  Roach x18  
  102  11:48  Roach x5  
  84  11:56  Roach  
  84  11:57  Roach x8  
  98  12:10  Zerg Missile Weapons Level 2  
  96  12:21  Corruptor x2  
  100  12:33  Brood Lord x2  
  104  12:44  Brood Lord  
  104  12:45  Brood Lord  
  110  12:51  Roach x2  
  110  12:57  Brood Lord  
  114  13:06  Zergling x4  
  114  13:07  Zergling x4  
  114  13:10  Queen  
  118  13:13  Brood Lord  
  120  13:25  Zergling x2, Overlord x2  
  121  13:28  Overlord  
  121  13:32  Overlord  
  121  13:49  Corruptor x2  
  125  13:55  Baneling  
  125  13:56  Baneling x7  
  125  14:02  Zerg Flyer Weapons Level 1  
  125  14:05  Drone  
  125  14:06  Drone x2  
  128  14:23  Roach  
  128  14:24  Roach x4  
  138  14:26  Drone x2  
  140  14:39  Overlord  
  140  14:52  Roach x15  
  140  14:56  Corruptor x3  
  146  15:16  Roach x20  
  146  15:22  Roach  
  146  15:23  Roach x6  
  146  15:25  Overlord  
  146  15:26  Overlord  
  160  15:41  Roach x18  
  160  15:45  Roach x20  
Tags
 
Add a new tag
Caveats
  • Supply blocks, unpowered buildings, or Contaminate may cause inaccurate times.
  • Supply counts are checked every 10 seconds.